Map: Daybreak LE (Void)

Players

MrMushroom

  • Race: Protoss Protoss
  • League: Diamond
  • Spawn Location: 7:00

Emil - Winner!

  • Race: Zerg Zerg
  • League: Diamond
  • Spawn Location: 1:00

VOD

Have the link to the VOD?

Description

Time

  • Played on: Nov. 28, 2016, 8 a.m.
  • Length: 2:40
Show
View Real Time Build Order
Export as new Build Order

MrMushroom Protoss 

Build Orders: Nexus First 

Get SALT Encoding   

  12  0:01  Probe (Chrono Boost)  
  13  0:12  Probe (Chrono Boost)  
  14  0:21  Pylon  
  14  0:25  Probe (Chrono Boost)  
  15  0:39  Probe (Chrono Boost)  
  17  0:50  Probe (Chrono Boost)  
  17  0:58  Nexus  
  17  1:03  Probe (Chrono Boost)  
  18  1:14  Gateway  
  18  1:16  Probe (Chrono Boost)  
  19  1:20  Assimilator  
  19  1:26  Assimilator  
  19  1:28  Probe (Chrono Boost)  
  20  1:38  Pylon  
  20  1:41  Probe (Chrono Boost)  
  21  1:56  Gateway  
  21  2:01  Pylon  
  23  2:15  Pylon  
  15  2:31  Pylon  
Show
View Real Time Build Order
Export as new Build Order

Emil Zerg - Winner!

Build Orders: Pool First 

Get SALT Encoding   

  12  0:19  Spawning Pool  
  11  0:22  Drone  
  11  0:26  Drone  
  13  0:31  Drone  
  14  0:40  Overlord  
  14  1:06  Zergling x6  
  17  1:17  Hatchery  
  16  1:20  Zergling x2  
  17  1:32  Drone, Extractor  
  17  1:41  Queen  
  17  1:42  Drone  
  20  1:50  Drone  
  21  2:03  Drone  
  21  2:19  Drone  
Tags
 
Add a new tag
Caveats
  • Supply blocks, unpowered buildings, or Contaminate may cause inaccurate times.
  • Supply counts are checked every 10 seconds.